Map: King Sejong Station LE

Players

LiquidTLO (TLO)

  • Race: Zerg Zerg
  • League: Grandmaster

Bly - Winner!

  • Race: Zerg Zerg
  • League: Grandmaster

VOD

Have the link to the VOD?

Description

Time

  • Played on: July 3, 2016, 6:53 a.m.
  • Length: 12:26
Show
View Real Time Build Order
Export as new Build Order

LiquidTLO Zerg 

Build Orders: Hatch First 

Get SALT Encoding   

  12  0:01  Drone  
  13  0:14  Overlord  
  13  0:17  Drone  
  14  0:32  Drone  
  14  0:33  Drone  
  16  0:36  Drone  
  17  0:52  Hatchery  
  17  0:55  Drone  
  17  0:58  Drone  
  17  1:00  Extractor  
  17  1:14  Spawning Pool  
  17  1:17  Drone  
  17  1:20  Drone  
  18  1:32  Drone  
  19  1:40  Overlord  
  19  2:00  Queen  
  21  2:01  Metabolic Boost  
  21  2:02  Zergling x2  
  21  2:04  Queen  
  24  2:10  Drone x2  
  24  2:14  Drone  
  27  2:18  Drone  
  28  2:23  Drone  
  28  2:26  Drone  
  30  2:36  Overlord  
  30  2:39  Zergling x2  
  30  2:42  Queen  
  33  2:44  Zergling x2  
  33  2:49  Overlord  
  34  2:57  Drone  
  35  2:59  Lair  
  35  3:02  Drone  
  36  3:06  Drone  
  36  3:10  Drone x2  
  39  3:14  Drone  
  39  3:15  Extractor  
  39  3:16  Drone  
  39  3:17  Drone  
  41  3:22  Drone  
  41  3:23  Drone x2  
  41  3:26  Drone  
  45  3:29  Drone  
  46  3:38  Zergling x2  
  46  3:41  Drone  
  47  3:42  Extractor  
  47  3:43  Extractor  
  47  3:46  Drone  
  47  3:47  Drone  
  47  3:48  Drone x2  
  49  3:49  Zergling x2, Spine Crawler  
  49  3:50  Drone  
  50  4:01  Spire, Zergling x2  
  50  4:02  Drone  
  50  4:06  Overlord  
  50  4:11  Drone  
  50  4:13  Spine Crawler  
  50  4:16  Overlord  
  50  4:21  Drone  
  50  4:23  Drone  
  52  4:24  Overlord  
  52  4:27  Zergling x2  
  52  4:29  Drone  
  53  4:31  Drone  
  53  4:32  Drone  
  53  4:35  Zergling x2  
  53  4:36  Zergling x2  
  56  4:49  Zergling x4  
  58  4:58  Hatchery  
  58  5:00  Zergling x6  
  58  5:01  Zergling x2  
  58  5:03  Zergling x2  
  58  5:06  Zergling x2  
  62  5:13  Mutalisk x2  
  66  5:17  Zerg Flyer Weapons Level 1  
  66  5:21  Hatchery  
  66  5:22  Mutalisk  
  66  5:25  Mutalisk  
  69  5:33  Mutalisk  
  71  5:37  Mutalisk  
  71  5:41  Drone x2  
  71  5:42  Infestation Pit  
  74  5:43  Mutalisk  
  76  5:52  Overlord  
  76  5:55  Evolution Chamber  
  75  6:01  Mutalisk, Evolution Chamber  
  76  6:06  Mutalisk  
  76  6:09  Mutalisk  
  76  6:11  Mutalisk x2  
  74  6:12  Drone  
  74  6:16  Drone x2  
  76  6:21  Drone x2  
  76  6:22  Drone  
  79  6:26  Queen  
  79  6:28  Infestor  
  79  6:32  Drone  
  83  6:33  Drone  
  83  6:37  Zerg Melee Weapons Level 1  
  83  6:38  Zergling x2  
  85  6:40  Extractor  
  85  6:41  Drone  
  85  6:42  Extractor  
  85  6:44  Drone  
  85  6:46  Zergling x2  
  86  6:49  Zergling x2  
  86  6:52  Zergling x2  
  88  6:54  Evolution Chamber  
  88  6:55  Zergling x4  
  88  6:56  Overlord  
  88  6:57  Overlord x3  
  88  6:58  Zergling x2  
  90  7:01  Zerg Ground Armor Level 1  
  90  7:06  Spine Crawler  
  90  7:07  Drone  
  90  7:18  Drone  
  90  7:19  Baneling Nest, Drone x2  
  90  7:20  Zergling x2  
  90  7:22  Zergling x2  
  94  7:23  Zergling x2  
  94  7:24  Zergling x4  
  94  7:26  Zergling x2  
  94  7:27  Zergling x2  
  93  7:31  Drone  
  93  7:32  Drone  
  93  7:33  Drone  
  93  7:35  Zergling x2  
  93  7:36  Zergling x2  
  94  7:41  Drone x3  
  95  7:48  Hive  
  95  7:51  Drone x2  
  97  7:58  Overlord  
  97  8:05  Baneling x2  
  97  8:06  Overlord  
  97  8:12  Overlord  
  97  8:18  Drone x2  
  99  8:20  Zergling x2  
  99  8:21  Zergling x2  
  99  8:22  Zergling x2  
  99  8:23  Zergling x2  
  99  8:24  Zergling x2  
  99  8:26  Zergling x2  
  105  8:27  Zergling x4  
  105  8:28  Zergling x2  
  105  8:30  Zergling x4  
  102  8:36  Drone  
  102  8:38  Zergling x2  
  102  8:39  Drone  
  102  8:40  Zergling x2  
  100  8:43  Zergling x2  
  100  8:44  Overlord  
  100  8:54  Drone  
  100  8:55  Zergling x2  
  102  8:57  Drone  
  102  9:00  Greater Spire  
  102  9:01  Overlord  
  102  9:02  Baneling x3  
  103  9:03  Zerg Melee Weapons Level 2  
  103  9:07  Baneling x2  
  103  9:11  Zerg Ground Armor Level 2  
  103  9:14  Overlord  
  103  9:18  Drone  
  103  9:20  Adrenal Glands  
  103  9:23  Overlord  
  104  9:31  Corruptor x2  
  108  9:38  Overlord  
  108  9:41  Drone x2  
  108  9:42  Drone  
  108  9:44  Zergling x2  
  112  9:49  Zergling x4  
  112  9:50  Zergling x2  
  112  9:51  Zergling x4  
  116  10:06  Zergling x2  
  117  10:10  Corruptor x3  
  117  10:11  Corruptor x2  
  127  10:14  Brood Lord  
  127  10:19  Brood Lord  
  131  10:33  Zergling x2  
  131  10:34  Overlord  
  130  10:36  Drone x2  
  130  10:43  Brood Lord x2  
  130  10:44  Brood Lord x2  
  130  10:48  Brood Lord  
  140  10:50  Zergling x2  
  140  10:52  Zergling x4  
  140  10:54  Zergling x4  
  141  10:58  Corruptor  
  141  11:02  Zergling x2  
  141  11:03  Zergling x2  
  144  11:05  Zergling x4  
  144  11:08  Corruptor  
  143  11:14  Corruptor  
  140  11:21  Zergling x2  
  140  11:24  Zergling x4  
  140  11:25  Zergling x4  
  141  11:27  Zergling x2  
  141  11:28  Zergling x2  
  131  11:37  Zergling x4, Corruptor, Brood Lord  
  131  11:39  Corruptor  
  123  11:41  Zergling x2  
  123  11:42  Zergling x2  
  123  11:46  Corruptor x2  
  119  11:51  Corruptor  
  116  11:56  Brood Lord  
  116  12:00  Zergling x4  
  95  12:09  Drone  
Show
View Real Time Build Order
Export as new Build Order

Bly Zerg - Winner!

Build Orders: Hatch First 

Get SALT Encoding   

  12  0:00  Drone  
  13  0:13  Overlord  
  13  0:18  Drone  
  14  0:32  Drone x2  
  16  0:37  Drone  
  17  0:53  Hatchery  
  16  0:59  Drone x2  
  16  1:04  Extractor  
  17  1:14  Spawning Pool  
  16  1:20  Drone x2  
  18  1:30  Drone  
  19  1:40  Overlord  
  19  2:01  Queen  
  19  2:03  Zergling x4  
  19  2:05  Queen  
  19  2:07  Metabolic Boost, Drone  
  26  2:16  Drone x2  
  28  2:24  Drone  
  28  2:27  Drone  
  30  2:33  Drone  
  31  2:41  Drone  
  32  2:48  Overlord  
  32  2:52  Hatchery  
  32  2:55  Drone  
  32  3:07  Zergling x6  
  32  3:12  Drone x4  
  39  3:16  Overlord  
  38  3:27  Roach Warren  
  37  3:37  Zergling x10  
  42  3:43  Overlord  
  42  3:44  Overlord, Drone  
  42  3:47  Extractor, Drone  
  43  3:50  Drone  
  43  3:52  Drone  
  42  4:07  Drone  
  42  4:08  Drone x5  
  48  4:13  Drone  
  48  4:14  Drone x2  
  50  4:22  Drone x5  
  50  4:23  Evolution Chamber  
  54  4:27  Drone  
  54  4:28  Drone  
  56  4:32  Drone  
  56  4:34  Queen  
  58  4:47  Lair  
  58  4:49  Zerg Ground Armor Level 1  
  58  4:51  Evolution Chamber  
  57  4:57  Drone x6  
  57  4:58  Drone  
  64  5:00  Overlord  
  64  5:05  Queen  
  66  5:13  Zergling x14  
  73  5:23  Zergling x12  
  73  5:26  Zerg Melee Weapons Level 1  
  79  5:30  Overlord  
  79  5:31  Overlord x2  
  79  5:36  Queen  
  79  5:38  Overlord  
  79  5:42  Spore Crawler  
  80  5:48  Infestation Pit  
  80  5:49  Queen x2  
  75  6:11  Queen  
  75  6:17  Zergling x6  
  75  6:18  Zergling x20  
  84  6:23  Spore Crawler x2  
  84  6:25  Queen  
  81  6:27  Pathogen Glands  
  84  6:46  Zerg Ground Armor Level 2  
  84  6:47  Queen  
  84  6:49  Hive, Extractor  
  84  6:53  Extractor  
  81  6:56  Drone x13  
  94  7:03  Overlord  
  94  7:05  Overlord  
  94  7:06  Infestor  
  94  7:08  Overlord  
  96  7:11  Infestor  
  96  7:15  Extractor x2  
  96  7:18  Overlord  
  92  7:34  Zergling x2  
  92  7:35  Zergling x22  
  99  7:41  Zerg Melee Weapons Level 2  
  96  7:46  Zergling x6  
  96  7:47  Spore Crawler  
  96  7:48  Spore Crawler  
  97  8:05  Zergling x8  
  98  8:06  Zergling x6, Ultralisk Cavern  
  98  8:09  Overlord  
  103  8:20  Overlord  
  96  8:35  Overlord  
  92  8:43  Overlord, Drone x6  
  92  8:45  Overlord  
  97  8:50  Adrenal Glands  
  97  8:51  Overlord x2  
  97  8:54  Chitinous Plating  
  97  8:55  Hatchery  
  96  9:03  Ultralisk x3  
  114  9:14  Ultralisk  
  114  9:15  Drone  
  114  9:16  Drone x2  
  124  9:17  Drone x3  
  124  9:21  Spore Crawler  
  125  9:24  Ultralisk  
  127  9:34  Ultralisk  
  133  9:50  Ultralisk  
  133  9:52  Spine Crawler x2  
  137  9:54  Spine Crawler  
  137  9:55  Zergling x24  
  148  10:07  Overlord  
  148  10:08  Drone  
  148  10:12  Queen x2  
  153  10:16  Overlord  
  153  10:18  Overlord  
  153  10:20  Ultralisk  
  158  10:33  Ultralisk  
  162  10:43  Ultralisk x2  
  168  11:03  Overlord  
  168  11:09  Hatchery  
  167  11:13  Zergling x2, Ultralisk x2  
  163  11:43  Ultralisk x3  
  151  12:17  Spire  
Tags
 
Add a new tag
Caveats
  • Supply blocks, unpowered buildings, or Contaminate may cause inaccurate times.
  • Supply counts are checked every 10 seconds.